 Dungeon Crawl Stone Soup version 0.22.1-1-ga44c0e56f4 (webtiles) character file.

142 Lisan the Ducker (level 5, -1/41 HPs)
             Began as a Merfolk Gladiator on Oct 3, 2018.
             Slain by an orc wizard
             ... wielding a +0 dagger
              (2 damage)
             ... on level 4 of the Dungeon.
             The game lasted 00:27:25 (3241 turns).

Lisan the Ducker (Merfolk Gladiator)                Turns: 3241, Time: 00:27:26

Health: -1/41      AC:  8    Str: 16      XL:     5   Next: 25%
Magic:  5/5        EV: 13    Int:  6 (7)  God:
Gold:   165        SH:  0    Dex: 14 (15) Spells: 4/4 levels left

rFire    . . .     SeeInvis .   a - +0 flail
rCold    . . .     Gourm    .   (no shield)
rNeg     . . .     Faith    .   j - +1 ring mail
rPois    .         Spirit   .   c - +1 helmet
rElec    .         Reflect  .   (no cloak)
rCorr    .         Harm     .   (no gloves)
MR       +....                  (no boots)
Stlth    +.........             (no amulet)
HPRegen  0.13/turn              n - ring of protection from magic
MPRegen  0.09/turn              (no ring)

@: flying
A: change form in water, swift swim, stealthy swim
a: no special abilities


You were on level 4 of the Dungeon.
You were not hungry.

You visited 1 branch of the dungeon, and saw 4 of its levels.

You collected 165 gold pieces.

Inventory:

Hand Weapons
 a - a +0 flail (weapon)
 l - a +0 club
 m - a +0 club
 q - a +0 club
 v - a +2 hunting sling of velocity
 x - a +0 dagger
 y - a +0 hunting sling
 D - a +0 whip
 F - a +1 spear of venom
Missiles
 o - 14 arrows (quivered)
 w - a throwing net
 z - 87 stones
 C - 9 tomahawks
Armour
 b - a +0 leather armour
 c - a +1 helmet (worn)
 e - a +0 cloak
 j - a +1 ring mail (worn)
Jewellery
 n - a ring of protection from magic (left hand)
Wands
 B - a wand of iceblast (13)
Scrolls
 g - 2 scrolls of remove curse
 k - 2 scrolls of enchant armour
 p - a scroll of immolation {unknown}
 r - a scroll of enchant weapon {unknown}
 s - a scroll of magic mapping
Potions
 t - a potion of curing {unknown}
 u - a potion of might {unknown}
 A - a potion of lignification {unknown}
 E - a potion of magic {unknown}
Comestibles
 f - 3 rations


   Skills:
 + Level 3.1 Fighting
 + Level 3.3 Maces & Flails
 + Level 1.1(1.6) Slings
 + Level 2.1(2.4) Throwing
 + Level 0.9 Armour
 + Level 4.8 Dodging
 + Level 0.5 Stealth


You had 4 spell levels left.
You didn't know any spells.
Your spell library was empty.

Dungeon Overview and Level Annotations

Branches:
Dungeon (4/15)
 Temple: D:4-7

Altars:
Vehumet
Zin


Message History

You closely miss the orc.
Something hits you but does no damage. x2
The orc priest calls down the wrath of Beogh upon you.
Beogh smites you! The orc misses you.
You hit the orc but do no damage.
Something hits you but does no damage. x2
The orc priest closely misses you. The orc closely misses you.
You hit the orc.
The orc is moderately wounded.
Something hits you but does no damage. The orc priest hits you.
* * * LOW HITPOINT WARNING * * *
The orc hits you but does no damage.
You hear some strange, mumbled words.
A puff of frost appears from out of thin air!
The puff of frost hits you!
* * * LOW HITPOINT WARNING * * *
It was a potion of flight.
You feel very buoyant.
You fly up into the air.
Something hits you but does no damage. The orc priest closely misses you.
The orc closely misses you. Something hits you.
You die...

###+###########
...............
...............
...............
...............
...............
o..o...l...?...
###+####{#######
#.....#o@o...>.#
#.....#....>...# ..#
#.....#........#
..#.....#.....'........#
..#.....+.....#........+
..#.....########......##
..#.....##...###......#
..#.....#.............#
..#.....#.............#


You could see an iguana, an orc priest and an orc.

Vanquished Creatures
  A bullfrog skeleton (D:4)
  3 adders
  4 worms
  3 orcs (D:3)
  5 giant cockroaches
  9 goblins
  10 hobgoblins
  6 jackals (D:1)
  9 kobolds
  A quokka (D:4)
  A ball python (D:1)
  7 bats
  3 frilled lizards
  5 rats
67 creatures vanquished.

Notes
Turn   | Place    | Note
-------+----------+-------------------------------------------
     0 | D:1      | Lisan the Merfolk Gladiator began the quest for the Orb.
     0 | D:1      | Reached XP level 1. HP: 16/16 MP: 1/1
   346 | D:1      | Reached XP level 2. HP: 16/23 MP: 2/2
   707 | D:1      | Reached XP level 3. HP: 28/28 MP: 3/3
  2045 | D:3      | Reached XP level 4. HP: 33/34 MP: 4/4
  2603 | D:3      | Reached skill level 1 in Slings
  3112 | D:3      | Found a glowing silver altar of Zin.
  3114 | D:3      | Found a radiant altar of Vehumet.
  3232 | D:4      | Reached XP level 5. HP: 38/41 MP: 5/5
  3240 | D:4      | HP: 1/41 [something/puff of frost (9)]
  3241 | D:4      | Slain by an orc wizard

Skill      XL: |  1  2  3  4 |
---------------+-------------+-----
Maces & Flails | 3 |  3.3
Fighting       | 3 |  3.1
Slings         | 1 |  1.1
Throwing       | |  2.1
Armour         | |  0.9
Dodging        | |  4.8
Stealth        | |  0.5

Action                   |  1- 3 |  4- 6 || total
-------------------------+-------+-------++-------
Melee: Flail             |   145 |    70 ||   215
       Hunting sling     |    13 |     1 ||    14
 Fire: Hunting sling     |    19 |     5 ||    24
Throw: Throwing net      |     6 |       ||     6
  Use: Scroll            |     3 |     3 ||     6
       Potion            |       |     2 ||     2
  Eat: Chunk             |     4 |     1 ||     5
       Ration            |       |     1 ||     1
Armor: Leather armour    |    24 |       ||    24
       Ring mail         |    59 |    31 ||    90
Dodge: Dodged            |   210 |    73 ||   283
